 Dungeon Crawl Stone Soup version 0.21.1-1-g345015f (webtiles) character file.

43 shakethe the Covered (level 3, -3/33 HPs)
             Began as a Deep Dwarf Fighter on Feb 17, 2018.
             Killed by nerve-wracking pain
             ... invoked by an orc priest
              (11 damage)
             ... on level 2 of the Dungeon.
             The game lasted 00:01:48 (807 turns).

shakethe the Covered (Deep Dwarf Fighter)            Turns: 807, Time: 00:01:48

Health: -3/33      AC:  7    Str: 20    XL:     3   Next: 37%
Magic:  3/3        EV:  7    Int:  8    God:
Gold:   36         SH:  9    Dex: 12    Spells: 2/2 levels left

rFire    . . .     SeeInvis .   a - +0 war axe
rCold    . . .     Gourm    .   c - +0 shield
rNeg     . . .     Faith    .   b - +0 scale mail
rPois    .         Spirit   .   (no helmet)
rElec    .         Reflect  .   (no cloak)
rCorr    .         Harm     .   (no gloves)
MR       .....                  (no boots)
Stlth    ..........             (no amulet)
HPRegen  0.00/turn              (no ring)
MPRegen  0.08/turn              (no ring)

@: non-regenerating
A: damage resistance, heal wounds, sense surroundings 1, no regeneration
a: Heal Wounds


You were on level 2 of the Dungeon.
You were not hungry.

You visited 1 branch of the dungeon, and saw 2 of its levels.

You collected 36 gold pieces.

Inventory:

Hand Weapons
 a - a +0 war axe (weapon)
Armour
 b - a +0 scale mail (worn)
 c - a +0 shield (worn)
Scrolls
 e - 2 scrolls of identify {unknown}
 g - 2 scrolls of enchant armour {unknown}
 k - a scroll of random uselessness {unknown}
Potions
 d - a potion of might
 h - 2 potions of curing {unknown}
 j - a potion of lignification {unknown}
 l - a potion of berserk rage {unknown}
Comestibles
 f - 3 rations


   Skills:
 - Level 2.6 Fighting
 * Level 3.7 Axes
 + Level 3.8 Armour
 - Level 3.2 Shields


You had 2 spell levels left.
You didn't know any spells.

Dungeon Overview and Level Annotations

Branches:
Dungeon (2/15)

Altars:
Elyvilon


Innate Abilities, Weirdness & Mutations

You are resistant to damage.
You can heal yourself by infusing magical energy.
You passively map a small area around you.
You do not regenerate.


Message History

No target in view!
No target in view!
No target in view!
No target in view!
No target in view!
No target in view!
No target in view!
You now have 36 gold pieces (gained 5).
You see here a chain mail.
An orc comes into view. It is wielding a hand axe.
The orc shouts!
You hear a shout! x2
An orc comes into view. It is wielding a hand axe.
No reachable target in view!
No reachable target in view!
No reachable target in view!
No reachable target in view!
No reachable target in view!
No reachable target in view!
No reachable target in view!
No reachable target in view!
No reachable target in view!
No reachable target in view!
No reachable target in view!
No reachable target in view!
No reachable target in view!
No reachable target in view!
No reachable target in view!
No reachable target in view!
There are monsters nearby!
An orc priest comes into view. It is wielding a club.
The orc priest shouts!
The orc shouts!
You hear a shout!
An orc comes into view. It is wielding a falchion.
An orc comes into view. It is wielding a club.
The orc shouts!
Found a stone staircase leading down.
The orc hits you with a club.
You hit the orc.
The orc throws a poisoned tomahawk.
The poisoned tomahawk barely misses you.
You slash the orc!
You kill the orc!
The orc throws a poisoned tomahawk.
The poisoned tomahawk hits you but does no damage.
You are poisoned.
You block the orc's attack.
You closely miss the orc. The orc hits you with a hand axe.
Your shield and scale mail prevent you from hitting the orc.
The orc barely misses you. The orc hits you but does no damage.
You hit the orc. The orc hits you with a hand axe.
You take 2 damage, and have 30/33 hp.
You slash the orc!
You kill the orc!
Things that are here:
a hand axe; a poisoned tomahawk; an orc corpse
Things that are here:
a hand axe; a poisoned tomahawk; an orc corpse You see here a club.
You see here 2 poisoned tomahawks.
The orc priest casts a cantrip, but nothing happens.
You closely miss the orc priest. You block the orc priest's attack.
The orc priest hits you but does no damage.
You barely miss the orc priest.
The orc priest hits you but does no damage.
You completely miss the orc priest.
You are no longer poisoned.
The orc priest hits you but does no damage.
You barely miss the orc priest.
The orc priest calls down the wrath of Beogh upon you.
You barely resist.
The orc priest calls down the wrath of Beogh upon you.
Beogh smites you!
You take 15 damage, and have 15/33 hp.
MASSIVE DAMAGE!!
You hit the orc priest but do no damage.
The orc priest barely misses you.
You closely miss the orc priest. The orc priest completely misses you.
You hit the orc priest.
The orc priest hits you but does no damage.
The orc priest barely misses you.
You hit the orc priest. You block the orc priest's attack.
Your shield prevents you from hitting the orc priest.
The orc priest barely misses you.
You hit the orc priest but do no damage.
The orc priest hits you with a club.
You hit the orc priest but do no damage.
The orc priest miscasts a cantrip.
You block the orc priest's attack.
All of the chunks of flesh in your inventory have rotted away.
You completely miss the orc priest.
The orc priest mumbles some strange prayers to Beogh against you.
Pain shoots through your body!
* * * LOW HITPOINT WARNING * * *
You take 7 damage, and have 8/33 hp.
MASSIVE DAMAGE!!
You closely miss the orc priest. You block the orc priest's attack.
You barely miss the orc priest.
The orc priest hits you but does no damage.
You slash the orc priest! The orc priest closely misses you.
The orc priest invokes the aid of Beogh against you.
Pain shoots through your body!
You die...

* ##..#########......#
, ,,
..........###...### *
** #..........##...#
#..........o#...#
#..........o#...#
######......o...$#...#
*
................##...#
, * * #o.......###...#
#@#########..#.#
#)(.........##.#
####.#.######*.# *
*#.#.# * * .# ...>. ,
.# * ####### ##


You could see an orc priest and an orc.

Vanquished Creatures
  2 worms (D:2)
  2 dart slugs
  A leopard gecko (D:1)
  2 orcs (D:2)
  A giant cockroach (D:1)
  3 hobgoblins (D:1)
  7 kobolds
  A ball python (D:1)
  4 bats (D:1)
  A frilled lizard (D:1)
  2 goblins (D:1)
  4 rats (D:1)
30 creatures vanquished.

Notes
Turn   | Place    | Note
-------+----------+-------------------------------------------
     0 | D:1      | shakethe the Deep Dwarf Fighter began the quest for the Orb.
     0 | D:1      | Reached XP level 1. HP: 20/20 MP: 1/1
   119 | D:1      | Reached XP level 2. HP: 21/27 MP: 2/2
   137 | D:1      | Reached skill level 3 in Axes
   570 | D:2      | Found a white marble altar of Elyvilon.
   580 | D:2      | Reached XP level 3. HP: 15/33 MP: 3/3
   638 | D:2      | HP: 8/33 [worm (5)]
   804 | D:2      | HP: 8/33 [orc priest/nerve-wracking pain (7)]
   807 | D:2      | Killed from afar by an orc priest

Skill      XL: |  1  2 |
---------------+-------+-----
Axes           | 3 |  3.7
Fighting       | |  2.6
Armour         | |  3.8
Shields        | |  3.2

Action                   || total
-------------------------++-------
Melee: War axe           ||   106
 Abil: Heal Wounds       ||     1
Armor: Scale mail        ||    50
Dodge: Dodged            ||    33
Block: Shield            ||    54

Vault maps used:
D:1:      minmay_arrival_stone_box
D:2:      cheibrodos_pilgrimage, grunt_temple_overflow_holy_war,
          overflow_temple_1_default, first_ration, uniq_natasha, uniq_robin

Table legend:
 A = Turns spent in this place as a percentage of turns spent in the entire game.
 B = Non-inter-level travel turns spent in this place as a percentage of non-inter-level travel turns spent in the entire game.
 C = Inter-level travel turns spent in this place as a percentage of turns spent in this place.
 D = Turns resting spent in this place as a percentage of non-inter-level travel turns spent in this place.
 E = Turns spent auto-exploring this place as a percentage of non-inter-level travel turns spent in this place.
 F = Non-inter-level travel turns spent in this place divided by the number of levels of this place that you've seen.
                   A       B       C       D       E      F
               +-------+-------+-------+-------+-------+----------------------
         Total | 100.0 | 100.0 |   0.0 |   0.0 |  66.9 | 403.5
       Dungeon | 100.0 | 100.0 |   0.0 |   0.0 |  66.9 | 403.5
               +-------+-------+-------+-------+-------+----------------------

Table legend:
 A = Kills in this place as a percentage of kills in entire the game.
 B = Kills by you in this place as a percentage of kills by you in the entire game.
 C = Kills by friends in this place as a percentage of kills by friends in the entire game.
 D = Other kills in this place as a percentage of other kills in the entire game.
 E = Experience gained in this place as a percentage of experience gained in the entire game.
 F = Experience gained in this place divided by the number of levels of this place that you have seen.
                   A       B       C       D       E      F
               +-------+-------+-------+-------+-------+----------------------
         Total | 100.0 | 100.0 |   N/A |   N/A | 100.0 |  31.0
       Dungeon | 100.0 | 100.0 |   N/A |   N/A | 100.0 |  31.0
               +-------+-------+-------+-------+-------+----------------------
